Unix NetHack Version 5.0.0-0 post-release - last build Jun 10 2026 00:39:30 (3ee93aec679c4c4259841fe613dc97188e26a321,branch:main).

Game began 2026-06-25 23:11:00, ended 2026-06-26 16:13:13.

Ch3Begorrah, chaotic male human Rogue

                                  -------
                                  |.....|
                                  |.....|    -----------
                                  |.....|   #..........|
                                  |<.....#  #|.........|
                                  |.....|# ##|..@......|
                                  |......### --|--------
                                  ----.-- #    ##
                                          #     #
                                          #     ##
                                                 #
                                                 #
                                                 #(
                                                 -.-
                                                .\(.+
                                               .....|
                                               ------

Ch3Begorrah the Cutpurse  St:11 Dx:18 Co:14 In:9 Wi:12 Ch:13  Chaotic
Dlvl:9  $:9  HP:0(36) Pw:24(24) AC:10 Xp:5 T:4739  Blind

Latest messages:
 A - a scroll of teleportation named ok.
 The little dog misses the goblin.
 You kill the goblin!
 Your little dog eats a goblin corpse.
 The little dog bites the hobgoblin.
 The little dog bites the hobgoblin.
 The hobgoblin is killed!
 The large cat bites it.
 The large cat bites it.
 It swings its runed broadsword at the large cat.
 It hits the large cat.
 It swings its runed broadsword at the large cat.
 It hits the large cat.
 The little dog picks up a curved sword.
 The Elvenking zaps a wand of lightning!
 The bolt of lightning misses the large cat.
 The bolt of lightning whizzes by you!
 You are blinded by the flash!
 Your arm tingles.
 You hear crackling.
 x - a ring called Warning (on left hand).
 You hear some noises.
 You hear some noises in the distance.
 You try to feel what is lying here on the floor.
 You feel here a werewolf corpse.
 In what direction? b
 Something blocks the way!
 What do you want to read? [AGL or ?*] ?
 Never mind.
 x - a ring called Warning (on left hand).
 What do you want to drink? [JM or ?*] ?
 You feel a little strange.
 You turn into a snake!
 Your armor falls around you!
 You can't even move a handspan with this load!
 You shrink out of your cloak!
 Your boots are pushed off your feet!
 You find you must drop your daggers!
 Use the command #monster to hide.
 You collapse under your load.
 It hits!
 You return to human form!
 Your movements are now unencumbered.
 It hits again!
 You begin bashing monsters with your bare hands.
 You hit it.
 It hits!
 It hits again!
 You die...
 Do you want your possessions identified? [ynq] (y) q

Inventory:
 Coins    ('$')
  $ - 9 gold pieces
 Amulets  ('"')
  b - a blessed amulet of flying
 Comestibles  ('%')
  B - 2 uncursed cram rations
 Scrolls  ('?')
  L - an uncursed scroll of blank paper
  G - an uncursed scroll of light
  A - an uncursed scroll of teleportation named ok
 Potions  ('!')
  M - an uncursed potion of speed
 Rings    ('=')
  N - a cursed +2 ring of increase accuracy named cursed
  E - an uncursed ring of invisibility named cursed
  O - a cursed ring of searching named cursed
  C - an uncursed ring of shock resistance
  x - an uncursed ring of warning (on left hand)
 Wands    ('/')
  Z - a cursed wand of create monster (0:3)
  t - a wand of digging (0:1)
  Y - a cursed wand of enlightenment (0:10)
  P - a cursed wand of lightning (0:7)
  F - a cursed wand of striking (0:4)
 Tools    ('(')
  a - an empty cursed sack
  v - a frost horn (0:7)
  g - an uncursed blindfold
  W - a cursed can of grease (0:9)
  e - an uncursed lock pick named F-
  Q - a magic marker (0:20)
  T - an uncursed oil lamp (lit)
  o - a +0 pick-axe
 Gems/Stones  ('*')
  q - an uncursed jet stone
  p - an uncursed worthless piece of violet glass
  m - a cursed touchstone

Ch3Begorrah the Rogue's attributes:

Background:
 You were a Cutpurse, a level 5 male human Rogue.
 You were chaotic, nominally on a mission for Kos
 who was opposed by Issek (lawful) and Mog (neutral).
 You were right-handed.
 You were in the Dungeons of Doom, on level 9.
 You entered the dungeon 4739 turns ago.
 You had 310 experience points, 10 more were needed to attain level 6.

Basics:
 You had 0 out of 36 hit points.
 You had all 24 energy points (spell power).
 Your armor class was 10.
 Your wallet contained 9 zorkmids.
 Autopickup was on for '$!/(' plus thrown, with exceptions.

Final Characteristics:
 Your strength was 11 (limit:18/100).
 Your dexterity was 18 (limit:18).
 Your constitution was 14 (limit:18).
 Your intelligence was 9 (limit:18).
 Your wisdom was 12 (limit:18).
 Your charisma was 13 (limit:18).

Final Status:
 You were temporarily blind.
 You weren't hungry.
 You were unencumbered.
 You were bare handed.
 You were unskilled in bare handed combat.
 You weren't wearing any armor.

Final Attributes:
 You were piously aligned.
 You were warned.
 You were stealthy.
 You are dead.

Miscellaneous:
 You encountered 2 bones levels.
 Total elapsed playing time was 1 hour, 11 minutes and 19 seconds.

Major events:
 Turn
    1: Ch3Begorrah the chaotic male human Rogue entered the dungeon
 1145: entered the Gnomish Mines
 1251: attained the rank of Cutpurse (level 3)
 2084: found Ogresmasher on the floor
 4739: killed by an Elvenking

You didn't know any spells.

Skills:
 Fighting Skills
   bare handed combat [Unskilled]
   two weapon combat  [Unskilled]
   riding             [Unskilled]
 Weapon Skills
   dagger             [Skilled]
   knife              [Unskilled]
   short sword        [Basic]
   broadsword         [Unskilled]
   long sword         [Unskilled]
   two-handed sword   [Unskilled]
   saber              [Unskilled]
   club               [Unskilled]
   mace               [Unskilled]
   morning star       [Unskilled]
   flail              [Unskilled]
   hammer             [Unskilled]
   polearms           [Unskilled]
   spear              [Unskilled]
   crossbow           [Unskilled]
   dart               [Unskilled]
   shuriken           [Unskilled]
 Spellcasting Skills
   divination spells  [Unskilled]
   escape spells      [Unskilled]
   matter spells      [Unskilled]

Voluntary challenges:
 Character rerolling was not enabled.
 You followed a strict vegan diet.
 You were an atheist.
 You never genocided any monsters.
 You never polymorphed an object.
 You used no wishes.
Achievements:
 You entered a shop.
 You entered the Gnomish Mines.
 You attained the rank of Cutpurse.

 The Dungeons of Doom: levels 1 to 9
    Level 1:
    Level 2:
       A potion shop.
    Level 3:
       An altar to Kos, a fountain, a sink.
    Level 4:
       A fountain.
       Stairs down to The Gnomish Mines.
    Level 5:
    Level 6:
       Many fountains.
       Oracle of Delphi.
       Final resting place for
          Felix1-Wiz-Gno-Mal-Neu, killed by a giant ant.
    Level 7:
       An altar to Kos.
    Level 8:
       Many altars, a sink.
    Level 9: <- You were here.
       A throne.
       Final resting place for
          you, killed by an Elvenking.
 The Gnomish Mines:
    Level 5:
       A grave.
       Final resting place for
          irollones-Arc-Hum-Mal-Law, killed by a giant ant.


Vanquished creatures:
  a ghost
  a giant beetle
  a wolf
  a leprechaun
  a brown pudding
  a werewolf
  a lizard
  a raven
  a bugbear
  4 Mordor orcs
  3 Uruk-hai
  a fog cloud
  a gnome leader
  a paper golem
  a baby crocodile
  5 giant ants
  3 dwarves
  a kobold leader
  2 hill orcs
  2 rothes
  a rabid rat
  a centipede
  a giant bat
  3 iguanas
  2 coyotes
  a gas spore
  a hobbit
  a large kobold
  3 hobgoblins
  a giant rat
  a green mold
  2 gnomes
  a gnome zombie
  3 geckos
  5 jackals
  a fox
  a kobold
  3 goblins
  3 grid bugs
  a bat
  2 lichens
  a kobold zombie
  4 newts
76 creatures vanquished.

No species were genocided or became extinct.

Game over:
                       ----------
                      /          \
                     /    REST    \
                    /      IN      \
                   /     PEACE      \
                  /                  \
                  |   Ch3Begorrah    |
                  |       9 Au       |
                  |   killed by an   |
                  |    Elvenking     |
                  |                  |
                  |                  |
                  |       2026       |
                 *|     *  *  *      | *
        _________)/\\_//(\/(/\)/\//\/|_)_______

Goodbye Ch3Begorrah the Rogue...

You died in The Dungeons of Doom on dungeon level 9 with 1769 points,
and 9 pieces of gold, after 4739 moves.
You were level 5 with a maximum of 36 hit points when you died.

